 Dungeon Crawl Stone Soup version 0.31-a0-232-gb1c03b2570 (webtiles) character file.

Game seed: 10839576802509669288

125 qw the Shooter (level 4, -1/36 HPs)
             Began as a Minotaur Hexslinger on July 7, 2023.
             Killed from afar by an orc wizard (4 damage)
             ... with a magic dart
             ... on level 3 of the Dungeon.
             The game lasted 00:00:42 (1567 turns).

qw the Shooter (Minotaur Hexslinger)                Turns: 1567, Time: 00:00:42

Health: -1/36      AC:  5    Str: 12    XL:     4   Next: 82%
Magic:  4/4        EV: 11    Int: 10    God:
Gold:   109        SH:  0    Dex: 21    Spells: 4/5 levels left

rFire   . . .        Y - +0 shortbow (elec)
rCold   . . .        (shield currently unavailable)
rNeg    . . .        e - +0 ring mail
rPois   .            (helmet restricted)
rElec   .            (no cloak)
rCorr   .            (no gloves)
SInv    .            (no boots)
Will    .....        (no amulet)
Stlth   +            g - +6 ring of dexterity
HPRegen 0.26/turn    (no ring)
MPRegen 0.09/turn

%: no passive effects
@: no status effects
A: horns 2, retaliatory headbutt
a: no special abilities


You were on level 3 of the Dungeon.
You visited 1 branch of the dungeon, and saw 3 of its levels.

You collected 109 gold pieces.


Innate Abilities, Weirdness & Mutations

You have a pair of horns on your head.
You reflexively headbutt those who attack you in melee.


   Skills:
 + Level 2.1 Fighting
 - Level 5.2 Ranged Weapons
 - Level 1.0 Armour
 - Level 2.1 Dodging
 - Level 1.0 Spellcasting
 - Level 2.0 Hexes


You had 4 spell levels left.
You knew the following spells:

 Your Spells              Type           Power      Damage    Failure   Level
a - Slow                  Hex            16%        N/A       34%         1

Your spell library contained the following spells:

 Spells                   Type           Power      Damage    Failure   Level
 Inner Flame              Hex/Fire       2%         N/A       83%         3
 Portal Projectile        Hex/Tloc       4%         N/A       83%         3
 Cause Fear               Hex            2%         N/A       98%         4

Inventory:

Hand Weapons
 Y - a +0 shortbow of electrocution (weapon)
Armour
 a - a +0 pair of gloves
 e - a +0 ring mail (worn)
Jewellery
 g - a +6 ring of dexterity (left hand)
Scrolls
 c - a scroll of identify
Potions
 b - a potion of might {unknown}
 d - a potion of ambrosia {unknown}
 f - a potion of lignification {unknown}
 j - a potion of degeneration {unknown}
 l - a potion of attraction {unknown}
 n - a potion of curing {unknown}

Dungeon Overview and Level Annotations

Branches:
Dungeon (3/15)

Altars:
Xom

Annotations:
D:3 Jessica


Message History

You shoot an arrow. The arrow barely misses Jessica.
The arrow closely misses the orc wizard.
Jessica closely misses you. Jessica barely misses you.
You shoot an arrow. The arrow barely misses Jessica.
The arrow closely misses the orc wizard.
The arrow closely misses the orc.
The orc wizard mumbles some strange words.
The orc wizard flickers and vanishes!
Deactivating autopickup; reactivate with Ctrl-A.
Jessica hits you with a +0 club.
Jessica looks very angry.
Jessica mumbles some strange words.
Jessica blinks!
You shoot an arrow. The arrow hits the orc.
The orc is heavily wounded.
You shoot an arrow. The arrow barely misses the orc.
You hear some strange, mumbled words.
A puff of flame appears from out of thin air!
The puff of flame hits you but does no damage.
You shoot an arrow.
The arrow hits Jessica but does no damage.
Jessica casts a spell at you. Pain shoots through your body!
Jessica hits you but does no damage.
You shoot an arrow. The arrow barely misses the orc.
Jessica hits you but does no damage. Something hits you but does no damage.
The orc hits you with a +0 hand axe. Jessica closely misses you.
The orc closely misses you. You furiously retaliate!
You headbutt the orc!
You kill the orc!
Something hits you.
You shoot an arrow. The arrow hits Jessica!
Jessica is severely wounded.
Jessica casts a spell at you. Pain shoots through your body!
Something hits you but does no damage. Jessica hits you with a +0 club.
You shoot an arrow. The arrow barely misses Jessica.
Jessica closely misses you.
You hear some strange, mumbled words.
A magic dart appears from out of thin air!
The magic dart hits you.
You die...

. .. ..J ....
..... .......
......####
......>
.......)@###
#.......
......##{@.####
#....... .....
###....#
#....... ....
####.####.......
...
#....#....... ..
####......... .
### ##........
#....##.##....
..............


You could see Jessica (fast).

Vanquished Creatures
  An orc wizard (D:3)
  A gnoll (D:1)
  2 adders
  3 worms (D:3)
  2 dart slugs
  4 orcs (D:3)
  5 ball pythons
  4 endoplasms
  2 giant cockroaches
  6 goblins
  5 hobgoblins
  2 jackals (D:3)
  6 kobolds
  2 bats
  4 frilled lizards
  6 rats
55 creatures vanquished.

Notes
Turn   | Place    | Note
-------+----------+-------------------------------------------
     0 | D:1      | qw the Minotaur Hexslinger began the quest for the Orb.
     0 | D:1      | Reached XP level 1. HP: 16/16 MP: 1/1
     0 | D:1      | 0 ||| qw: Version: 0.3-a-46-gb1f654a
     0 | D:1      | 0 ||| qw: Game counter: 2657
     0 | D:1      | 0 ||| qw: Melee chars always use a shield: true
     0 | D:1      | 0 ||| qw: God list: Okawaru
     0 | D:1      | 0 ||| qw: Allow faded altars: false
     0 | D:1      | 0 ||| qw: Do Orc after clearing Dungeon:15 true
     0 | D:1      | 0 ||| qw: Do second Lair branch before Depths: true
     0 | D:1      | 0 ||| qw: Lair rune preference: random
     0 | D:1      | 0 ||| qw: Goals: Normal
     0 | D:1      | 0 ||| PLANNING D:1-11
    54 | D:1      | Reached skill level 3 in Ranged Weapons
    54 | D:1      | Reached XP level 2. HP: 7/23 MP: 2/2
   372 | D:1      | Reached XP level 3. HP: 29/29 MP: 3/3
   693 | D:1      | 693 ||| UPGRADING to +0 ring mail.
   703 | D:1      | 703 ||| DROPPING +0 robe.
   704 | D:1      | 704 ||| DROPPING scroll of poison.
   846 | D:2      | Reached skill level 4 in Ranged Weapons
  1032 | D:2      | Reached skill level 1 in Armour
  1109 | D:2      | Found a shimmering altar of Xom.
  1184 | D:2      | 1184 ||| UPGRADING to +6 ring of dexterity.
  1185 | D:2      | 1185 ||| READING scroll labelled SUISSOH WEOCYA.
  1186 | D:2      | 1186 ||| READING 2 scrolls labelled DATHEFOALO.
  1187 | D:2      | 1187 ||| READING scroll labelled QUWNIMYRAO.
  1187 | D:2      | Identified a scroll of acquirement
  1187 | D:2      | 1187 ||| ACQUIRING +0 shortbow of electrocution
  1187 | D:2      | Acquired a +0 shortbow of electrocution
  1189 | D:2      | 1189 ||| SWAPPING to +0 shortbow of electrocution.
  1190 | D:2      | 1190 ||| DROPPING +1 sling.
  1191 | D:2      | 1191 ||| READING scroll labelled HEL YLATYLL.
  1194 | D:2      | 1194 ||| READING scroll labelled EREB BIC APN.
  1195 | D:2      | 1195 ||| READING scroll labelled XUGRYU JUCIAPS.
  1196 | D:2      | 1196 ||| READING scroll labelled QENIERPHOXULUOL.
  1256 | D:3      | Reached XP level 4. HP: 36/36 MP: 4/4
  1546 | D:3      | Noticed Jessica
  1547 | D:3      | 1547 ||| FLEEEEING.
  1560 | D:3      | Reached skill level 5 in Ranged Weapons
  1566 | D:3      | HP: 4/36 [Jessica/nerve-wracking pain (7)]
  1567 | D:3      | Killed from afar by an orc wizard

Levels and vault maps discovered:
D:1:      minmay_arrival_jagged, layout_loops_ring, minivault_26,
          serial_bayou_lagoon_a, minmay_liquid_box, minmay_gold_behind_fungi,
          st_stairs_4
D:2:      layout_rooms, basic_altar
D:3:      layout_rooms, uniq_jessica

Skill      XL: |  1  2  3  4 |
---------------+-------------+-----
Ranged Weapons | 3 4 5 |  5.2
Fighting       | 2 |  2.1
Armour         | 1 |  1.0
Dodging        | |  2.1
Spellcasting   | |  1.0
Hexes          | |  2.0

Action                     |  1- 3 |  4- 6 || total
---------------------------+-------+-------++-------
   Fire: Sling             |    84 |       ||    84
         Shortbow          |    15 |    46 ||    61
    Use: Scroll            |     7 |       ||     7
 Armour: Ring mail         |     2 |     8 ||    10
  Dodge: Dodged            |    11 |    10 ||    21

Table legend:
 A = Non-vault XP
 B = Vault XP
 C = Vault XP percentage of total XP
 D = Non-vault monster count
 E = Vault monster count
 F = Vault count percentage of total count
                 A         B        C        D         E       F
            +---------+---------+-------+---------+---------+-------
      Total |     162 |      17 |   9.5 |      53 |       2 |   3.6
            +---------+---------+-------+---------+---------+-------
        D:1 |      32 |      17 |  34.7 |      18 |       2 |  10.0
        D:2 |      37 |       0 |   0.0 |      14 |       0 |   0.0
        D:3 |      93 |       0 |   0.0 |      21 |       0 |   0.0
            +---------+---------+-------+---------+---------+-------
